Map: Winter Madness LE

Players

Serral - Winner!

  • Race: Zerg Zerg
  • League: Grandmaster
  • Spawn Location: 11:00

HolyHit

  • Race: Protoss Protoss
  • League: Grandmaster
  • Spawn Location: 5:00

VOD

Have the link to the VOD?

Description

Time

  • Played on: Jan. 30, 2026, 12:14 p.m.
  • Length: 9:05
Show
View Real Time Build Order
Export as new Build Order

Serral Zerg - Winner!

Build Orders: Hatch First 

Get SALT Encoding   

  12  0:00  Drone  
  13  0:08  Drone  
  14  0:14  Extractor  
  14  0:16  Extractor, Drone  
  15  0:23  Overlord  
  15  0:43  Drone  
  15  0:45  Hatchery  
  15  0:49  Drone  
  16  0:52  Drone  
  16  0:56  Drone  
  18  1:06  Extractor  
  17  1:11  Spawning Pool  
  17  1:14  Drone  
  18  1:18  Drone  
  18  1:26  Drone  
  19  1:37  Drone  
  20  1:47  Drone  
  21  1:57  Queen  
  21  1:58  Queen, Zergling x2  
  21  2:00  Overlord  
  26  2:10  Overlord, Drone  
  27  2:21  Drone x2  
  29  2:23  Metabolic Boost  
  29  2:30  Drone x2  
  29  2:34  Queen  
  33  2:47  Hatchery  
  33  2:49  Zergling x2  
  33  2:51  Drone  
  33  2:53  Drone  
  33  2:56  Zergling x2  
  36  3:03  Zergling x2  
  37  3:06  Overlord  
  37  3:08  Drone x3  
  37  3:09  Drone  
  37  3:12  Drone  
  42  3:14  Drone  
  42  3:15  Drone  
  44  3:24  Queen  
  46  3:29  Overlord  
  46  3:30  Drone x2  
  48  3:34  Spore Crawler  
  48  3:39  Drone  
  48  3:40  Drone  
  49  3:42  Drone x3  
  49  3:45  Overlord  
  52  3:49  Queen  
  52  3:52  Spore Crawler  
  52  3:54  Drone  
  52  3:55  Drone  
  55  3:57  Drone x2  
  55  4:00  Zergling x2  
  58  4:05  Drone  
  58  4:06  Drone  
  60  4:10  Drone  
  60  4:13  Drone x6  
  67  4:18  Drone  
  68  4:25  Drone  
  68  4:26  Drone  
  68  4:28  Drone  
  68  4:29  Drone  
  68  4:30  Roach Warren  
  71  4:36  Overlord  
  71  4:37  Hatchery  
  70  4:40  Drone x2  
  70  4:42  Drone x2  
  74  4:45  Lair  
  74  4:47  Extractor  
  74  4:48  Drone, Extractor  
  74  4:50  Overlord  
  74  4:52  Drone  
  74  4:56  Overlord  
  74  4:57  Spore Crawler  
  74  4:58  Zergling x2  
  74  4:59  Drone x3  
  77  5:03  Queen  
  77  5:05  Drone x2  
  81  5:08  Overlord  
  81  5:09  Drone x2  
  81  5:13  Overlord  
  81  5:14  Overlord  
  83  5:16  Drone x3  
  83  5:20  Overlord  
  86  5:23  Evolution Chamber  
  86  5:27  Zergling x2  
  85  5:29  Zergling x8  
  85  5:32  Zergling x6  
  91  5:38  Drone x3  
  91  5:44  Drone  
  91  5:47  Drone  
  91  5:48  Drone x2, Zerg Missile Weapons Level 1  
  91  5:49  Drone  
  95  5:50  Drone x2  
  95  5:54  Overlord  
  95  6:00  Extractor, Hydralisk Den  
  95  6:01  Drone x5  
  95  6:03  Extractor  
  97  6:05  Glial Reconstitution, Extractor  
  97  6:09  Overlord  
  96  6:12  Drone  
  96  6:13  Drone  
  96  6:14  Overlord  
  96  6:15  Overlord  
  96  6:16  Overlord  
  97  6:19  Overlord  
  97  6:23  Roach x5  
  110  6:25  Roach x2  
  110  6:27  Pneumatized Carapace  
  110  6:34  Roach x5  
  110  6:39  Roach  
  119  6:44  Roach x5  
  129  6:48  Roach  
  129  6:49  Roach x4  
  129  6:51  Spore Crawler  
  138  6:55  Roach x3  
  138  6:57  Roach  
  138  7:00  Overlord x2  
  145  7:05  Roach x3  
  145  7:08  Overlord  
  150  7:12  Roach x3  
  150  7:15  Overlord  
  156  7:22  Roach x5  
  166  7:23  Roach  
  166  7:27  Roach  
  166  7:28  Roach x2, Ravager  
  166  7:29  Ravager x2  
  177  7:32  Ravager  
  178  7:37  Roach x3, Zergling x8  
  178  7:44  Roach x4  
  195  7:48  Roach  
  195  7:49  Roach  
  198  7:55  Roach  
  199  8:03  Roach  
  199  8:08  Roach  
  199  8:09  Roach x3  
  198  8:15  Roach  
  197  8:23  Roach  
Show
View Real Time Build Order
Export as new Build Order

HolyHit Protoss 

Build Orders: 1 Gate Expand, Oracle Opening, Zealot Archon 

Get SALT Encoding   

  12  0:00  Probe  
  13  0:12  Probe  
  14  0:18  Pylon  
  14  0:24  Probe  
  15  0:33  Probe  
  15  0:39  Gateway  
  15  0:41  Probe  
  16  0:47  Assimilator  
  17  0:51  Probe  
  18  1:03  Probe  
  19  1:15  Probe  
  20  1:25  Nexus  
  20  1:35  Cybernetics Core  
  20  1:38  Probe  
  21  1:43  Assimilator  
  21  1:50  Probe  
  22  1:54  Pylon  
  22  2:02  Probe, Adept  
  23  2:14  Probe  
  26  2:22  Adept  
  26  2:25  Stargate  
  26  2:26  Probe  
  27  2:33  Probe  
  29  2:38  Warp Gate, Probe  
  29  2:41  Probe  
  31  2:49  Stalker  
  31  2:50  Probe  
  33  2:51  Probe  
  36  3:02  Oracle, Probe  
  36  3:03  Probe  
  41  3:14  Probe  
  41  3:16  Probe  
  43  3:25  Nexus  
  43  3:27  Probe  
  43  3:30  Probe  
  45  3:34  Pylon  
  45  3:39  Probe  
  46  3:41  Gateway  
  46  3:52  Probe x2  
  48  3:57  Pylon  
  48  3:58  Assimilator  
  48  3:59  Oracle  
  51  4:04  Probe x2  
  53  4:12  Forge  
  53  4:17  Probe  
  54  4:18  Assimilator, Twilight Council  
  54  4:23  Probe  
  55  4:27  Adept  
  55  4:29  Probe  
  55  4:30  Shield Battery  
  58  4:35  Protoss Ground Weapons Level 1, Probe  
  58  4:37  Adept  
  58  4:38  Probe  
  62  4:41  Probe  
  62  4:42  Oracle  
  66  4:48  Probe  
  66  4:50  Probe  
  68  4:53  Probe  
  68  4:54  Adept  
  71  5:00  Probe  
  71  5:02  Probe  
  71  5:03  Adept  
  71  5:04  Charge  
  71  5:05  Probe  
  76  5:12  Probe  
  77  5:17  Gateway  
  77  5:19  Pylon  
  77  5:21  Pylon  
  77  5:37  Probe x3  
  80  5:43  Gateway  
  80  5:45  Gateway  
  80  5:47  Gateway, Templar Archives  
  80  5:49  Probe x3  
  73  6:01  Probe x3, Gateway  
  73  6:02  Gateway  
  73  6:04  Robotics Facility, Zealot, Pylon  
  74  6:09  Zealot, Pylon  
  78  6:13  Probe x2  
  78  6:16  Zealot, Probe  
  83  6:21  Pylon  
  83  6:25  Zealot, Probe x2  
  85  6:30  Protoss Ground Weapons Level 2  
  85  6:31  Gateway  
  83  6:33  Zealot  
  83  6:34  Gateway  
  85  6:42  High Templar  
  85  6:43  High Templar  
  85  6:45  Nexus  
  85  6:46  Assimilator, High Templar  
  91  6:47  High Templar  
  91  6:50  Assimilator, Archon  
  91  6:51  Archon, Warp Prism  
  95  7:13  High Templar x2  
  95  7:14  Zealot x2  
  104  7:15  Probe  
  104  7:19  Archon  
  104  7:20  Zealot x4  
  110  7:25  Shield Battery  
  110  7:26  Photon Cannon  
  110  7:29  Photon Cannon, Zealot x2  
  114  7:32  Photon Cannon  
  114  7:34  Zealot  
  116  7:40  Pylon  
  116  7:41  Pylon  
  116  7:42  Zealot  
  116  7:43  Pylon  
  116  7:45  Pylon  
  109  7:52  Photon Cannon  
  109  7:55  Photon Cannon  
  109  7:56  Zealot x5  
  109  7:57  Zealot  
  111  8:05  Zealot x3  
  98  8:12  Zealot  
  83  8:13  Immortal  
  83  8:18  Zealot  
  78  8:20  Zealot x3  
Tags
 
Add a new tag
Caveats
  • Supply blocks, unpowered buildings, or Contaminate may cause inaccurate times.
  • Supply counts are checked every 10 seconds.